 Dungeon Crawl Stone Soup version 0.20-a0-984-ge8aa303 (webtiles) character file.

4043 qqqbard the Carver (level 10, -8/88 HPs)
             Began as a Minotaur Fighter on Apr 10, 2017.
             Was a Believer of the Shining One.
             Mangled by a two-headed ogre
             ... wielding a cursed +0 giant spiked club
              (23 damage)
             ... on level 9 of the Dungeon.
             The game lasted 00:08:47 (6658 turns).

qqqbard the Carver (Minotaur Fighter)               Turns: 6658, Time: 00:08:47

Health: -8/88      AC: 11    Str: 25    XL:     10   Next: 4%
Magic:  9/9        EV:  9    Int:  5    God:    the Shining One [**....]
Gold:   445        SH: 11    Dex:  9    Spells: 9/9 levels left

rFire    . . .     SeeInvis .   O - +0 long sword (elec)
rCold    + . .     Gourm    .   c - +0 shield
rNeg     + . .     Faith    .   y - +1 chain mail {MR+}
rPois    .         Spirit   .   (helmet restricted)
rElec    .         Reflect  .   p - scarf {rC+}
rCorr    .         Harm     .   (no gloves)
MR       +....                  (no boots)
Stlth    ..........             (no amulet)
Regen    0.3/turn               (no ring)
MPRegen  0.2/turn               (no ring)

@: glowing
A: retaliatory headbutt, horns 2
a: Divine Shield, Renounce Religion


You were on level 9 of the Dungeon.
You worshipped the Shining One.
The Shining One was pleased with you.
You were hungry.

You visited 2 branches of the dungeon, and saw 10 of its levels.

You collected 493 gold pieces.
You donated 48 gold pieces to Zin.

Inventory:

Hand Weapons
 a - a +0 long sword
 H - a +0 scimitar
 O - a +0 long sword of electrocution (weapon)
Armour
 c - a +0 shield (worn)
 p - a scarf of cold resistance (worn)
 y - a +1 chain mail of magic resistance (worn)
Jewellery
 v - an uncursed ring of positive energy {unknown}
 w - a +3 ring of evasion {unknown}
 z - the ring "Feinnupp" {+Fly Stlth+, unknown}
   (You found it on level 5 of the Dungeon)

   [ring of stealth]

   It lets you fly.
   It makes you more stealthy.
 J - an uncursed ring of protection from cold {unknown}
Wands
 o - a wand of clouds (4/9)
 u - a wand of paralysis (4/24)
 B - a wand of flame (24/48)
 L - a wand of acid (2/15)
 N - a wand of polymorph (14/24)
Scrolls
 h - 10 scrolls of teleportation {unknown}
 i - 5 scrolls of remove curse {unknown}
 j - a scroll of noise {unknown}
 k - 6 scrolls of identify {unknown}
 m - a scroll of blinking {unknown}
 n - 2 scrolls of enchant weapon {unknown}
 t - 2 scrolls of enchant armour {unknown}
 x - 2 scrolls of magic mapping {unknown}
 A - 3 scrolls of fear {unknown}
 D - 3 scrolls of immolation {unknown}
 E - a scroll of vulnerability {unknown}
 K - 3 scrolls of recharging {unknown}
Potions
 d - 2 potions of might
 e - a potion of mutation {unknown}
 g - 3 potions of invisibility {unknown}
 l - 4 potions of curing
 q - a potion of degeneration {unknown}
 r - 2 potions of brilliance {unknown}
 s - 5 potions of heal wounds {unknown}
 C - a potion of flight {unknown}
Books
 G - a book of Minor Magic

   Spells                             Type                      Level
   a - Magic Dart                     Conjuration                  1
   b - Blink                          Translocation                2
   c - Call Imp                       Summoning                    2
   d - Slow                           Hexes                        2
   e - Conjure Flame                  Conjuration/Fire             3
   f - Mephitic Cloud                 Conjuration/Poison/Air       3
 M - a book of Callings

   Spells                             Type                      Level
   a - Summon Small Mammal            Summoning                    1
   b - Call Imp                       Summoning                    2
   c - Call Canine Familiar           Summoning                    3
   d - Summon Guardian Golem          Hexes/Summoning              3
   e - Summon Lightning Spire         Summoning/Air                4
   f - Summon Ice Beast               Ice/Summoning                4
Comestibles
 b - 2 meat rations
 f - 7 bread rations
 F - 3 fruits
 I - 4 royal jellies


   Skills:
 + Level 7.9 Fighting
 * Level 10.4 Long Blades
 + Level 7.7 Armour
 + Level 6.5 Dodging
 + Level 7.8 Shields


You had 9 spell levels left.
You didn't know any spells.

Dungeon Overview and Level Annotations

Branches:
Dungeon (9/15)             Temple (1/1) D:5            Lair (0/6) D:9
    Orc: D:9-12

Altars:
Ashenzari
Cheibriados
Dithmenos
Elyvilon
Fedhas
Gozag
Hepliaklqana
Kikubaaqudgha
Makhleb
Nemelex Xobeh
Okawaru
Qazlal
Ru
Sif Muna
Trog
Uskayaw
Vehumet
Wu Jian
Xom
Yredelemnul
Zin
The Shining One


Innate Abilities, Weirdness & Mutations

You reflexively headbutt those who attack you in melee.
You have a pair of horns on your head.


Message History

The two-headed ogre hits you with a giant spiked club!!
You block the two-headed ogre's attack.
You hit the two-headed ogre.
The two-headed ogre is lightly wounded.
You block the two-headed ogre's attack.
The two-headed ogre hits you with a giant spiked club!!
You are too injured to fight recklessly!
You are too injured to fight recklessly!
You are too injured to fight recklessly!
You barely miss the two-headed ogre.
The two-headed ogre is lightly wounded.
You hit the two-headed ogre but do no damage.
The two-headed ogre is lightly wounded.
The two-headed ogre hits you with a giant spiked club!!
* * * LOW HITPOINT WARNING * * *
The two-headed ogre hits you with a giant spiked club!
* * * LOW HITPOINT WARNING * * *
It was a potion of curing.
You feel better.
The two-headed ogre hits you with a giant spiked club!!
You die...

#.o. #...# #..o# #>.o#
#...# #...#
#..T##########
#.oYO@.......#
#.lO########.## #...#
#.....### #...#
........##
#.$Y###..P........##
#.O............P...##
#..r#.......>.......#
#.T.##..[.......P...# ##
####...###........P..#H##


You could see a two-headed ogre, a troll, an ice beast, an ogre, an iguana and
an orc.

Vanquished Creatures
  A two-headed ogre (D:9)
  Pikel (D:4)
  A yak (D:9)
  A wyvern (D:8)
  A hungry ghost (D:8)
  A water moccasin (D:7)
  A phantom (D:4)
  A black bear (D:6)
  The ghost of Beard the Slasher, an amateur BuCK of Xom (D:3)
  4 ice beasts
  A centaur (D:6)
  2 ogres
  2 crocodiles (D:9)
  A big kobold (D:7)
  4 bullfrogs
  3 scorpions
  3 howler monkeys (D:7)
  2 crimson imps
  A bullfrog zombie (D:7)
  A quasit (D:7)
  6 hounds
  3 bullfrog skeletons
  2 iguanas
  8 worker ants
  An orc wizard (D:8)
  A hound skeleton (D:5)
  A worker ant zombie (D:4)
  7 adders
  A shadow imp (D:9)
  An adder skeleton (D:6)
  2 adder zombies (D:7)
  A worm (D:6)
  A dart slug (D:1)
  5 leopard geckos
  14 orcs
  3 ball pythons
  2 bat zombies (D:3)
  8 giant cockroaches
  5 goblins
  6 hobgoblins
  7 jackals
  3 quokkas
  10 bats
  3 frilled lizards
  15 kobolds
  8 rats
  2 rat zombies (D:3)
159 creatures vanquished.

Vanquished Creatures (others)
  A hound skeleton (D:4)
1 creature vanquished.

Grand Total: 160 creatures vanquished

Notes
Turn   | Place    | Note
-------+----------+-------------------------------------------
     0 | D:1      | qqqbard the Minotaur Fighter began the quest for the Orb.
     0 | D:1      | Reached XP level 1. HP: 19/19 MP: 0/0
   107 | D:1      | Reached XP level 2. HP: 26/27 MP: 1/1
   185 | D:1      | Reached skill level 1 in Dodging
   318 | D:1      | Reached skill level 3 in Long Blades
   547 | D:1      | Reached XP level 3. HP: 32/33 MP: 2/2
  1009 | D:2      | Found a glowing silver altar of Zin.
  1010 | D:2      | Noticed an angel
  1214 | D:2      | Became a worshipper of Zin the Law-Giver
  1214 | D:2      | Reached * piety under Zin
  1587 | D:3      | Reached XP level 4. HP: 35/40 MP: 3/3
  1670 | D:3      | Noticed Beard's ghost (amateur BuCK)
  1687 | D:3      | Killed Beard's ghost
  1687 | D:3      | Reached ** piety under Zin
  1687 | D:3      | Reached skill level 4 in Long Blades
  1687 | D:3      | Reached XP level 5. HP: 21/46 MP: 0/4
  1940 | D:3      | Found a burning altar of Makhleb.
  2145 | D:3      | Found an ancient bone altar of Kikubaaqudgha.
  2586 | D:4      | Noticed a slave
  2587 | D:4      | Noticed a slave
  2588 | D:4      | Noticed Pikel
  2589 | D:4      | Noticed a slave
  2589 | D:4      | Noticed a slave
  2589 | D:4      | Noticed a phantom
  2624 | D:4      | Killed Pikel
  2624 | D:4      | Reached skill level 5 in Fighting
  2624 | D:4      | Reached skill level 6 in Long Blades
  2624 | D:4      | Reached skill level 5 in Armour
  2624 | D:4      | Reached skill level 5 in Shields
  2624 | D:4      | Reached XP level 6. HP: 36/56 MP: 5/5
  2624 | D:4      | Reached XP level 7. HP: 39/61 MP: 6/6
  2910 | D:4      | Reached *** piety under Zin
  3190 | D:5      | Entered Level 5 of the Dungeon
  3190 | D:5      | Found a blossoming altar of Fedhas.
  3227 | D:5      | Found a staircase to the Ecumenical Temple.
  3234 | D:5      | Got an ancient platinum ring
  3281 | Temple   | Entered the Ecumenical Temple
  3436 | D:5      | Reached skill level 7 in Long Blades
  3436 | D:5      | Reached XP level 8. HP: 51/69 MP: 7/7
  4080 | D:6      | Reached **** piety under Zin
  4685 | D:6      | Found a snail-covered altar of Cheibriados.
  4691 | D:6      | Reached skill level 8 in Long Blades
  4691 | D:6      | Reached skill level 5 in Dodging
  4799 | D:6      | Found a snail-covered altar of Cheibriados.
  4844 | D:7      | Found a radiant altar of Vehumet.
  4921 | D:7      | Reached XP level 9. HP: 63/78 MP: 8/8
  5034 | D:7      | Found a glowing golden altar of the Shining One.
  5195 | D:8      | Reached skill level 9 in Long Blades
  5302 | D:7      | Found a hazy altar of Hepliaklqana.
  5394 | D:8      | Found a shimmering altar of Xom.
  5615 | D:8      | Found a stormy altar of Qazlal.
  5792 | D:7      | Reached ***** piety under Zin
  5796 | D:7      | Fell from the grace of Zin
  5796 | D:7      | Became a worshipper of the Shining One
  5796 | D:7      | Reached * piety under the Shining One
  5796 | D:7      | Reached ** piety under the Shining One
  5837 | D:8      | Found a bloodstained altar of Trog.
  5837 | D:8      | Found a sparkling altar of Nemelex Xobeh.
  6361 | D:9      | Noticed a two-headed ogre
  6369 | D:9      | Killed a two-headed ogre
  6369 | D:9      | Reached skill level 10 in Long Blades
  6600 | D:9      | Found a staircase to the Lair.
  6604 | D:9      | Noticed a troll
  6607 | D:9      | Noticed a two-headed ogre
  6645 | D:9      | Reached XP level 10. HP: 83/88 MP: 9/9
  6657 | D:9      | HP: 4/88 [two-headed ogre/giant spiked club (15)]
  6658 | D:9      | Mangled by a two-headed ogre

Vault maps used:
D:1:      dpeg_arrival_ternary
D:2:      zin_angel, first_bread
D:3:      makhleb_grotto_becter, lemuel_zombie_altar_kikubaaqudgha
D:4:      minmay_diamond_boxcup, uniq_pikel
D:5:      minmay_temple_entry_statues_pillars, fedhas_altar_2
D:6:      old_standard_altar, kennysheep_small_spiral, chei_slow_surprise
D:7:      nicolae_overflow_hidden_temple, overflow_temple_1_default,
          overflow_temple_1_default, hangedman_decor_push
D:8:      nicolae_overflow_crystal_walls, gammafunk_temple_overflow_statue,
          lemuel_round_altar
D:9:      david_lair_generic
Temple:   minmay_freezing_vapour_temple

Skill      XL: |  1  2  3  4  5  6  7  8  9 |
---------------+----------------------------+-----
Dodging        | 1 2 3 4 5 6 |  6.5
Shields        | 4 5 6 7 |  7.8
Long Blades    | 3 4 6 7 8 10 | 10.4
Fighting       | 4 5 6 7 |  7.9
Armour         | 4 5 6 7 |  7.7

Action                   |  1- 3 |  4- 6 |  7- 9 | 10-12 || total
-------------------------+-------+-------+-------+-------++-------
Melee: Long sword        |   103 |    88 |   118 |    10 ||   319
       Headbutt          |    17 |    10 |    58 |       ||    85
       Scimitar          |       |       |   208 |       ||   208
  Use: Potion            |       |       |       |     1 ||     1
 Stab: Distracted        |       |       |     1 |       ||     1
  Eat: Chunk             |     2 |     3 |     7 |       ||    12
       Fruit             |       |       |     3 |       ||     3
       Royal jelly       |       |       |     1 |       ||     1
       Meat ration       |       |       |     1 |       ||     1
Armor: Scale mail        |    62 |    13 |       |       ||    75
       Chain mail        |       |     6 |   120 |     1 ||   127
Dodge: Dodged            |    26 |    15 |    91 |     1 ||   133
Block: Shield            |    54 |    43 |   164 |     5 ||   266
       Rpst.: Long sword |     8 |     5 |     4 |       ||    17
       Scimitar          |       |       |    17 |       ||    17
